TOP OF THE 1ST |
Pawtucket Paw Sox batting - Pitching for Elmira Pioneers : RHP Carlos Cruz
|
Pitching: RHP Carlos Cruz
|
|
Batting: LHB Dave Haberle
|
0-0: Ball 1-0: Foul Ball, location: 2F 1-1: Swinging Strike 1-2: Ball 2-2: Foul Ball, location: 2F 2-2: Strikes out swinging
|
Batting: LHB Steven Garcia
|
0-0: Foul Ball, location: 2F 0-1: Fly out, F5 (Popup, 5SF, EV 84.4 MPH)
|
Batting: LHB Jeff Stone
|
0-0: SOLO HOME RUN (Flyball, 89XD, EV 100.0 MPH), Distance : 392 ft
|
Batting: RHB Dave Malpeso
|
0-0: Ball 1-0: Foul Ball, location: 2F 1-1: Foul Ball, location: 2F 1-2: Strikes out looking
|
Top of the 1st over - 1 run, 1 hit, 0 errors, 0 left on base; Pawtucket 1 - Elmira 0 |
BOTTOM OF THE 1ST |
Elmira Pioneers batting - Pitching for Pawtucket Paw Sox : RHP Billy Taylor
|
Pitching: RHP Billy Taylor
|
|
Batting: RHB Ken Dowell
|
0-0: Ball 1-0: Ball 2-0: Ball 3-0: Called Strike 3-1: SINGLE (Flyball, 8LS, EV 96.3 MPH)
|
Batting: RHB Ron Stinnett
|
0-0: Ball 1-0: SINGLE (Groundball, 56, EV 90.0 MPH) (infield hit) Ken Dowell to second
|
Batting: RHB Richard Givens
|
0-0: Ball 1-0: Ball 2-0: Ball 3-0: Called Strike 3-1: Base on Balls Ken Dowell to third Ron Stinnett to second
|
Batting: LHB Juan Flores
|
0-0: Swinging Strike 0-1: Ball 1-1: Ball 2-1: Grounds into double play, 6-4-3 (Groundball, 6MD, EV 86.3 MPH) Ken Dowell scores Ron Stinnett to third
|
Batting: RHB Edwin Rodriguez
|
0-0: Called Strike 0-1: Swinging Strike 0-2: Fly out, F4 (Line Drive, 4, EV 66.3 MPH)
|
Bottom of the 1st over - 1 run, 2 hits, 0 errors, 1 left on base; Pawtucket 1 - Elmira 1 |
TOP OF THE 2ND |
Pawtucket Paw Sox batting - Pitching for Elmira Pioneers : RHP Carlos Cruz
|
Batting: RHB Brick Smith
|
0-0: SINGLE (Line Drive, 6MD, EV 104.4 MPH)
|
Batting: LHB David Wiggins
|
0-0: Ball Wild Pitch! Brick Smith to second 1-0: Ball 2-0: Foul Ball, location: 2F 2-1: Ball 3-1: Base on Balls
|
Batting: RHB Robert Duran
|
0-0: Called Strike 0-1: Foul Ball, location: 2F 0-2: Ball 1-2: Ball 2-2: Fly out, F4 (Flyball, 3D, EV 92.5 MPH)
|
Batting: RHB Gary Hargis
|
0-0: Called Strike 0-1: Ball 1-1: Ball 2-1: Ball 3-1: Fly out, F9 (Flyball, 89S, EV 88.1 MPH)
|
Batting: RHB Ted Cox
|
0-0: Ball 1-0: Fly out, F9 (Flyball, 9LM, EV 81.9 MPH)
|
Top of the 2nd over - 0 runs, 1 hit, 0 errors, 2 left on base; Pawtucket 1 - Elmira 1 |
BOTTOM OF THE 2ND |
Elmira Pioneers batting - Pitching for Pawtucket Paw Sox : RHP Billy Taylor
|
Batting: SHB Esteban Mendez
|
0-0: Fly out, F8 (Flyball, 8LD, EV 100.6 MPH)
|
Batting: LHB German Barranca
|
0-0: Ball 1-0: Ball 2-0: Swinging Strike 2-1: Foul Ball, location: 2F 2-2: Ball 3-2: Fly out, F4 (Popup, 4MD, EV 57.5 MPH)
|
Batting: RHB Curtis Cannedy
|
0-0: Ball 1-0: Called Strike 1-1: Swinging Strike 1-2: Ball 2-2: Strikes out swinging
|
Bottom of the 2nd over - 0 runs, 0 hits, 0 errors, 0 left on base; Pawtucket 1 - Elmira 1 |
TOP OF THE 3RD |
Pawtucket Paw Sox batting - Pitching for Elmira Pioneers : RHP Carlos Cruz
|
Batting: LHB Dave Haberle
|
0-0: Ball 1-0: Ball 2-0: Ball 3-0: Called Strike 3-1: Base on Balls
|
Batting: LHB Steven Garcia
|
0-0: Called Strike 0-1: Foul Ball, location: 2F 0-2: Foul Ball, location: 2F 0-2: Ball 1-2: Fielders Choice at 2nd, 3-6 (Groundball, 3, EV 99.4 MPH)
|
Batting: LHB Jeff Stone
|
0-0: Fly out, F8 (Flyball, 78D, EV 90.0 MPH)
|
Batting: RHB Dave Malpeso
|
0-0: Ball Steven Garcia steals 2nd base 1-0: SINGLE (Groundball, 6MD, EV 103.1 MPH) Steven Garcia to third Runner from 3rd tries for Home, SAFE, throw by CF to home Dave Malpeso to second
|
Batting: RHB Brick Smith
|
0-0: Ground out 6-3 (Groundball, 6, EV 103.1 MPH)
|
Top of the 3rd over - 1 run, 1 hit, 0 errors, 1 left on base; Pawtucket 2 - Elmira 1 |
BOTTOM OF THE 3RD |
Elmira Pioneers batting - Pitching for Pawtucket Paw Sox : RHP Billy Taylor
|
Batting: RHB Larry Owen
|
0-0: Foul Ball, location: 2F 0-1: Called Strike 0-2: Ground out 4-3 (Groundball, 4, EV 102.5 MPH)
|
Batting: RHB Ken Dowell
|
0-0: Ground out 6-3 (Groundball, 6, EV 98.8 MPH)
|
Batting: RHB Ron Stinnett
|
0-0: Fly out, F7 (Flyball, 78D, EV 97.5 MPH)
|
Bottom of the 3rd over - 0 runs, 0 hits, 0 errors, 0 left on base; Pawtucket 2 - Elmira 1 |
TOP OF THE 4TH |
Pawtucket Paw Sox batting - Pitching for Elmira Pioneers : RHP Carlos Cruz
|
Batting: LHB David Wiggins
|
0-0: Ground out 6-3 (Groundball, 6, EV 84.4 MPH)
|
Batting: RHB Robert Duran
|
0-0: Ball 1-0: Ball 2-0: Ball 3-0: Base on Balls
|
Batting: RHB Gary Hargis
|
0-0: Called Strike Robert Duran steals 2nd base (no throw) 0-1: Ball 1-1: Foul Ball, location: 2F 1-2: Strikes out swinging
|
Batting: RHB Ted Cox
|
0-0: Called Strike 0-1: Called Strike 0-2: Ball 1-2: Foul Ball, location: 2F 1-2: Ball 2-2: SINGLE (Line Drive, 89M, EV 104.4 MPH) Robert Duran to third Runner from 3rd tries for Home, SAFE, throw by CF to home Ted Cox to second
|
Batting: LHB Dave Haberle
|
0-0: Hit by Pitch
|
Batting: LHB Steven Garcia
|
0-0: Called Strike 0-1: Ball 1-1: Ball 2-1: Ball 3-1: Foul Ball, location: 2F 3-2: Base on Balls Ted Cox to third Dave Haberle to second
|
Batting: LHB Jeff Stone
|
0-0: Called Strike 0-1: Swinging Strike 0-2: Ball 1-2: Foul Ball, location: 2F 1-2: Ball 2-2: Foul Ball, location: 2F 2-2: Ball 3-2: Base on Balls Ted Cox scores Dave Haberle to third Steven Garcia to second
|
Batting: RHB Dave Malpeso
|
0-0: Ball 1-0: Ball 2-0: Foul Ball, location: 2F 2-1: Fielders Choice at 2nd, 6-4 (Groundball, 6, EV 90.0 MPH)
|
Top of the 4th over - 2 runs, 1 hit, 0 errors, 3 left on base; Pawtucket 4 - Elmira 1 |
BOTTOM OF THE 4TH |
Elmira Pioneers batting - Pitching for Pawtucket Paw Sox : RHP Billy Taylor
|
Batting: RHB Richard Givens
|
0-0: Called Strike 0-1: Called Strike 0-2: Foul Ball, location: 2F 0-2: Ball 1-2: Strikes out swinging
|
Batting: LHB Juan Flores
|
0-0: Foul Ball, location: 2F 0-1: Foul Ball, location: 2F 0-2: Fly out, F9 (Flyball, 9D, EV 100.0 MPH)
|
Batting: RHB Edwin Rodriguez
|
0-0: Ball 1-0: Ball 2-0: SINGLE (Line Drive, 4D, EV 96.9 MPH)
|
Batting: SHB Esteban Mendez
|
0-0: Ball 1-0: Called Strike 1-1: Ball 2-1: Ball 3-1: Base on Balls Edwin Rodriguez to second
|
Batting: LHB German Barranca
|
0-0: Called Strike 0-1: DOUBLE (Line Drive, 89D, EV 104.4 MPH) Edwin Rodriguez scores Esteban Mendez to third Runner from 3rd tries for Home, SAFE, no throw by CF
|
Batting: RHB Curtis Cannedy
|
0-0: Ball 1-0: Foul Ball, location: 2F 1-1: Ball 2-1: Swinging Strike 2-2: Ball 3-2: Strikes out swinging
|
Bottom of the 4th over - 2 runs, 2 hits, 0 errors, 1 left on base; Pawtucket 4 - Elmira 3 |
TOP OF THE 5TH |
Pawtucket Paw Sox batting - Pitching for Elmira Pioneers : RHP Carlos Cruz
|
Batting: RHB Brick Smith
|
0-0: Called Strike 0-1: Foul Ball, location: 2F 0-2: Ground out 5-3 (Groundball, 56S, EV 83.8 MPH)
|
Batting: LHB David Wiggins
|
0-0: Ball 1-0: Called Strike 1-1: Ball 2-1: Ball 3-1: Base on Balls
|
Batting: RHB Robert Duran
|
0-0: Swinging Strike 0-1: Ball 1-1: Foul Ball, location: 2F 1-2: Strikes out looking
|
Batting: RHB Gary Hargis
|
0-0: Ball David Wiggins steals 2nd base 1-0: Fly out, F8 (Flyball, 8LM, EV 98.1 MPH)
|
Top of the 5th over - 0 runs, 0 hits, 0 errors, 1 left on base; Pawtucket 4 - Elmira 3 |
BOTTOM OF THE 5TH |
Elmira Pioneers batting - Pitching for Pawtucket Paw Sox : RHP Billy Taylor
|
Batting: RHB Larry Owen
|
0-0: Ball 1-0: Ball 2-0: Called Strike 2-1: Foul Ball, location: 2F 2-2: Ball 3-2: Fly out, F3 (Popup, 3SF, EV 74.4 MPH)
|
Batting: RHB Ken Dowell
|
0-0: Ball 1-0: Foul Ball, location: 2F 1-1: Ball 2-1: Ball 3-1: Base on Balls
|
Batting: RHB Ron Stinnett
|
0-0: Fielders Choice at 2nd, 2-4 (Groundball, 2L, EV 75.0 MPH)
|
Batting: RHB Richard Givens
|
0-0: Called Strike Ron Stinnett steals 2nd base 0-1: Ball 1-1: Ball 2-1: Foul Ball, location: 2F 2-2: Foul Ball, location: 2F 2-2: Ball 3-2: Strikes out looking
|
Bottom of the 5th over - 0 runs, 0 hits, 0 errors, 1 left on base; Pawtucket 4 - Elmira 3 |
TOP OF THE 6TH |
Pawtucket Paw Sox batting - Pitching for Elmira Pioneers : RHP Carlos Cruz
|
Batting: RHB Ted Cox
|
0-0: Called Strike 0-1: Foul Ball, location: 2F 0-2: Ball 1-2: Strikes out swinging wild pitch, reaches first!
|
Batting: LHB Dave Haberle
|
0-0: Called Strike 0-1: Ball 1-1: SINGLE (Line Drive, 3D, EV 103.1 MPH) Ted Cox to second Runner from 2nd tries for 3rd, SAFE, throw by RF made to third
|
Batting: LHB Steven Garcia
|
0-0: Ball 1-0: Called Strike 1-1: Foul Ball, location: 2F 1-2: Ball 2-2: SINGLE (Line Drive, 7S, EV 90.0 MPH) Ted Cox scores Dave Haberle to second
|
Pitching: RHP Jeffrey Franklin
|
|
Batting: LHB Jeff Stone
|
0-0: Called Strike 0-1: Swinging Strike 0-2: Foul Ball, location: 2F 0-2: Ball 1-2: Strikes out swinging
|
Batting: RHB Dave Malpeso
|
0-0: SINGLE (Groundball, 56S, EV 70.0 MPH) (infield hit) Dave Haberle to third Steven Garcia to second
|
Batting: RHB Brick Smith
|
0-0: Ball 1-0: Foul Ball, location: 2F 1-1: Ball 2-1: Ball 3-1: Swinging Strike 3-2: Base on Balls Dave Haberle scores Steven Garcia to third Dave Malpeso to second
|
Batting: LHB David Wiggins
|
0-0: Ball 1-0: Called Strike 1-1: Swinging Strike 1-2: Strikes out swinging
|
Batting: RHB Robert Duran
|
0-0: Ball 1-0: Swinging Strike 1-1: Swinging Strike 1-2: Strikes out swinging
|
Top of the 6th over - 2 runs, 3 hits, 0 errors, 3 left on base; Pawtucket 6 - Elmira 3 |
BOTTOM OF THE 6TH |
Elmira Pioneers batting - Pitching for Pawtucket Paw Sox : RHP Billy Taylor
|
Batting: LHB Juan Flores
|
0-0: Ball 1-0: DOUBLE (Flyball, 8LXD, EV 113.1 MPH)
|
Batting: RHB Edwin Rodriguez
|
0-0: Swinging Strike 0-1: Called Strike 0-2: Strikes out looking
|
Batting: SHB Esteban Mendez
|
0-0: SINGLE (Groundball, 25, EV 70.6 MPH) (infield hit) Juan Flores to third
|
Batting: LHB German Barranca
|
0-0: Called Strike 0-1: Fly out, F5 (Popup, 5F, EV 71.3 MPH)
|
Batting: RHB Curtis Cannedy
|
0-0: Ball 1-0: Ball 2-0: Called Strike 2-1: Ball 3-1: Swinging Strike 3-2: Foul Ball, location: 2F 3-2: Fly out, F3 (Popup, 3SF, EV 79.4 MPH)
|
Bottom of the 6th over - 0 runs, 2 hits, 0 errors, 2 left on base; Pawtucket 6 - Elmira 3 |
TOP OF THE 7TH |
Pawtucket Paw Sox batting - Pitching for Elmira Pioneers : RHP Jeffrey Franklin
|
Batting: RHB Gary Hargis
|
0-0: Ball 1-0: Called Strike 1-1: Ground out 5-3 (Groundball, 56, EV 90.0 MPH)
|
Batting: RHB Ted Cox
|
0-0: Called Strike 0-1: Called Strike 0-2: SINGLE (Line Drive, 89S, EV 100.0 MPH)
|
Batting: LHB Dave Haberle
|
0-0: Ball 1-0: Called Strike 1-1: Ball 2-1: Swinging Strike 2-2: Strikes out swinging
|
Batting: LHB Steven Garcia
|
0-0: Foul Ball, location: 2F 0-1: Fly out, F2 (Popup, 25F, EV 78.1 MPH)
|
Top of the 7th over - 0 runs, 1 hit, 0 errors, 1 left on base; Pawtucket 6 - Elmira 3 |
BOTTOM OF THE 7TH |
Elmira Pioneers batting - Pitching for Pawtucket Paw Sox : RHP Billy Taylor
|
Batting: RHB Larry Owen
|
0-0: Called Strike 0-1: Ball 1-1: SINGLE (Groundball, P, EV 84.4 MPH) (infield hit)
|
Batting: RHB Ken Dowell
|
0-0: Ball 1-0: Ball 2-0: Ball 3-0: Base on Balls Larry Owen to second
|
Batting: RHB Ron Stinnett
|
0-0: Fly out, F7 (Flyball, 7LS, EV 91.9 MPH)
|
Batting: RHB Richard Givens
|
0-0: Ball 1-0: Called Strike 1-1: Fly out, F7 (Flyball, 7, EV 77.5 MPH) Runner from 2nd tags up, SAFE at 3rd with throw by LF
|
Batting: LHB Juan Flores
|
0-0: Ball 1-0: Called Strike 1-1: Swinging Strike 1-2: Ball 2-2: Ball 3-2: Base on Balls Ken Dowell to second
|
Batting: RHB Edwin Rodriguez
|
0-0: Foul Ball, location: 2F 0-1: Ball 1-1: Called Strike 1-2: Ball 2-2: Ball 3-2: Base on Balls Larry Owen scores Ken Dowell to third Juan Flores to second
|
Batting: SHB Esteban Mendez
|
0-0: Called Strike 0-1: Foul Ball, location: 2F 0-2: Ball 1-2: Ball 2-2: Strikes out swinging
|
Bottom of the 7th over - 1 run, 1 hit, 0 errors, 3 left on base; Pawtucket 6 - Elmira 4 |
TOP OF THE 8TH |
Pawtucket Paw Sox batting - Pitching for Elmira Pioneers : RHP Jeffrey Franklin
|
Batting: LHB Jeff Stone
|
0-0: Swinging Strike 0-1: Ball 1-1: Ball 2-1: Foul Ball, location: 2F 2-2: Foul Ball, location: 2F 2-2: Strikes out swinging
|
Batting: RHB Dave Malpeso
|
0-0: Foul Ball, location: 2F 0-1: Ball 1-1: Ball 2-1: Swinging Strike 2-2: Strikes out swinging
|
Batting: RHB Brick Smith
|
0-0: Ball 1-0: Ground out 5-3 (Groundball, 56, EV 91.9 MPH)
|
Top of the 8th over - 0 runs, 0 hits, 0 errors, 0 left on base; Pawtucket 6 - Elmira 4 |
BOTTOM OF THE 8TH |
Elmira Pioneers batting - Pitching for Pawtucket Paw Sox : RHP Billy Taylor
|
Pitching: RHP Joe Thomas
|
|
Batting: LHB German Barranca
|
0-0: Ball 1-0: Ground out 5-3 (Groundball, 5, EV 105.0 MPH)
|
Batting: RHB Curtis Cannedy
|
0-0: Ball 1-0: Ball 2-0: Fly out, F9 (Flyball, 9LM, EV 88.1 MPH)
|
Batting: RHB Larry Owen
|
0-0: SOLO HOME RUN (Flyball, 9D, EV 88.8 MPH), Distance : 376 ft
|
Batting: RHB Ken Dowell
|
0-0: Foul Ball, location: 2F 0-1: Ball 1-1: Foul Ball, location: 2F 1-2: Ball 2-2: Ground out 1-3 (Groundball, 34S, EV 61.9 MPH)
|
Bottom of the 8th over - 1 run, 1 hit, 0 errors, 0 left on base; Pawtucket 6 - Elmira 5 |
TOP OF THE 9TH |
Pawtucket Paw Sox batting - Pitching for Elmira Pioneers : RHP Jeffrey Franklin
|
Batting: LHB David Wiggins
|
0-0: Ground out U3 (Groundball, 13, EV 89.4 MPH)
|
Batting: RHB Robert Duran
|
0-0: Foul Ball, location: 2F 0-1: Ground out 6-3 (Groundball, 6, EV 86.9 MPH)
|
Batting: RHB Gary Hargis
|
0-0: Ball 1-0: Foul Ball, location: 2F 1-1: Ball 2-1: Fly out, F7 (Line Drive, 7D, EV 94.4 MPH)
|
Top of the 9th over - 0 runs, 0 hits, 0 errors, 0 left on base; Pawtucket 6 - Elmira 5 |
BOTTOM OF THE 9TH |
Elmira Pioneers batting - Pitching for Pawtucket Paw Sox : RHP Joe Thomas
|
Pitching: RHP Terry McAnnally
|
|
Now at SS: Lenny Faedo
|
|
Batting: LHB Neil Fiala
|
0-0: Ball 1-0: DOUBLE (Line Drive, 9LD, EV 104.4 MPH)
|
Batting: RHB Richard Givens
|
0-0: Ball 1-0: Called Strike 1-1: Ball 2-1: Foul Ball, location: 2F 2-2: Strikes out swinging
|
Batting: LHB Juan Flores
|
0-0: Ball 1-0: Ball 2-0: Ball 3-0: Called Strike 3-1: Foul Ball, location: 2F 3-2: Fly out, F9 (Flyball, 89D, EV 90.6 MPH) Runner from 2nd tags up, SAFE at 3rd, no throw by RF
|
Batting: RHB Edwin Rodriguez
|
0-0: Called Strike 0-1: Fly out, F9 (Line Drive, 9, EV 102.5 MPH)
|
Bottom of the 9th over - 0 runs, 1 hit, 0 errors, 1 left on base; Pawtucket 6 - Elmira 5 |
|